 Dungeon Crawl Stone Soup version 0.28-a0-863-g8cecda6153 (webtiles) character file.

Game seed: 2661509199911985423

184 mcbry74 the Conjurer (level 5, 0/28 HPs)
             Began as a Deep Elf Conjurer on Nov 18, 2021.
             Slain by Grinder (1 damage)
             ... on level 3 of the Dungeon.
             The game lasted 00:14:00 (2609 turns).

mcbry74 the Conjurer (Deep Elf Conjurer)            Turns: 2609, Time: 00:14:01

Health: 0/28       AC:  3    Str:  4    XL:     5   Next: 36%
Magic:  4/14       EV: 12    Int: 24    God:
Gold:   88         SH:  0    Dex: 13    Spells: 7/13 levels left

rFire   . . .      SeeInvis .   (no weapon)
rCold   . . .      Faith    .   (no shield)
rNeg    . . .      Spirit   .   a - +0 robe
rPois   .          Reflect  .   (no helmet)
rElec   .          Harm     .   j - +0 cloak
rCorr   .          Rampage  .   (no gloves)
Will    .....                   (no boots)
Stlth   ++........              (no amulet)
HPRegen 0.09/turn               (no ring)
MPRegen 0.14/turn               (no ring)

@: no status effects
A: no striking features
a: no special abilities


You were on level 3 of the Dungeon.
You visited 1 branch of the dungeon, and saw 3 of its levels.

You collected 88 gold pieces.

Inventory:

Missiles
 l - a throwing net
Armour
 a - a +0 robe (worn)
 j - a +0 cloak (worn)
Jewellery
 i - a +4 ring of slaying
 k - a ring of flight
Scrolls
 c - 3 scrolls of identify {unknown}
 d - a scroll of brand weapon {unknown}
 g - a scroll of teleportation {unknown}
Potions
 b - 2 potions of flight {unknown}
 e - a potion of curing {unknown}
 f - a potion of degeneration {unknown}
 h - a potion of heal wounds {unknown}
 m - 3 potions of might {unknown}
 n - a potion of haste {unknown}


   Skills:
 - Level 2.4 Dodging
 - Level 2.4 Stealth
 + Level 4.9 Spellcasting
 * Level 6.5 Conjurations


You had 7 spell levels left.
You knew the following spells:

 Your Spells              Type           Power      Damage    Failure   Level
a - Magic Dart            Conj           100%       1d8       1%          1
b - Searing Ray           Conj           74%        2d7       1%          2
c - Dazzling Flash        Conj/Hex       42%        N/A       7%          3

Your spell library contained the following spells:

 Spells                   Type           Power      Damage    Failure   Level
 Fulminant Prism          Conj/Hex       10%        3d9       22%         4
 Iskenderun's Mystic Bla  Conj/Tloc      21%        2d6       22%         4


Dungeon Overview and Level Annotations

Branches:
Dungeon (3/15)

Altars:
Makhleb
Xom

Annotations:
D:3 Grinder


Message History

The magic dart hits Grinder.
Grinder is lightly wounded.
Casting: Magic Dart (safe; 1% risk of failure)
Confirm with . or Enter, or press ? or * to list all spells.
Aiming: Searing Ray (safe; 1% risk of failure)
Press: ? - help, Shift-Dir - straight line, f/p - Grinder
Aim: Grinder (lightly wounded, 78% to hit)
The searing ray hits Grinder!
Grinder is moderately wounded. (Press . to maintain the ray.)
The searing ray hits Grinder.
Grinder is heavily wounded.
The searing ray hits Grinder.
Grinder is heavily wounded.
Grinder gestures at you.
You struggle to resist.
The searing ray misses Grinder.
You finish channelling your searing ray.
Grinder hits you.
You writhe in agony.
Grinder hits you.
Casting: Searing Ray (safe; 1% risk of failure)
Confirm with . or Enter, or press ? or * to list all spells.
Aiming: Searing Ray (safe; 1% risk of failure)
Press: ? - help, Shift-Dir - straight line, f/p - Grinder
Aim: Grinder (heavily wounded, 78% to hit)
The searing ray hits Grinder.
Grinder is severely wounded. (Press . to maintain the ray.) Grinder barely misses you.
The searing ray misses Grinder.
Grinder hits you.
You writhe in agony.
The searing ray misses Grinder.
Grinder hits you.
* * * LOW HITPOINT WARNING * * *
You writhe in agony.
* * * LOW HITPOINT WARNING * * *
The searing ray hits Grinder.
Grinder is severely wounded.
You finish channelling your searing ray.
Grinder barely misses you. Grinder hits you.
You die...

#..####.#.# #...#
#######.##..†..#####.#
#........#.#.#.......#
###..)...#.#.#.#.##....#
#.'......+.÷.....##.#.##
#.#......##..#........#
†.#......##..#..####.##
###.)....###.#..####<# #
#......# #...5@..###
#......# #...###.#
#......# #... #
#######...... .####. .
#. #.


You could see Grinder.

Vanquished Creatures
  A crimson imp (D:3)
  6 gnolls (D:2)
  2 adders (D:2)
  2 worms (D:2)
  A dart slug (D:1)
  An orc (D:3)
  4 endoplasms
  6 giant cockroaches
  6 goblins (D:1)
  7 hobgoblins
  4 jackals (D:1)
  3 quokkas
  4 ball pythons
  5 bats
  A frilled lizard (D:1)
  6 kobolds
  5 rats
64 creatures vanquished.

Notes
Turn   | Place    | Note
-------+----------+-------------------------------------------
     0 | D:1      | mcbry74 the Deep Elf Conjurer began the quest for the Orb.
     0 | D:1      | Reached XP level 1. HP: 10/10 MP: 6/6
   134 | D:1      | Found a faded altar of an unknown god.
   274 | D:1      | Reached XP level 2. HP: 15/15 MP: 1/8
   481 | D:1      | Reached skill level 5 in Conjurations
   565 | D:1      | Learned a level 2 spell: Searing Ray
   631 | D:1      | Reached XP level 3. HP: 19/19 MP: 8/10
  1399 | D:2      | Reached XP level 4. HP: 21/24 MP: 8/12
  1697 | D:2      | Reached skill level 6 in Conjurations
  1870 | D:2      | Reached XP level 5. HP: 28/28 MP: 7/13
  2092 | D:3      | Found a shimmering altar of Xom.
  2092 | D:3      | Found a burning altar of Makhleb.
  2568 | D:3      | Learned a level 3 spell: Dazzling Flash
  2597 | D:3      | Noticed Grinder
  2607 | D:3      | HP: 1/28 [Grinder (3)]
  2609 | D:3      | Slain by Grinder

Illustrated notes

Levels and vault maps discovered:
D:1:      lightli_arrival_boilingwater, layout_rooms,
          chequers_ecumenical_altar_grove
D:2:      layout_loops_ring
D:3:      layout_basic, grunt_temple_overflow_champion_of_chaos, st_stairs_9,
          uniq_ijyb, uniq_grinder

Skill      XL: |  1  2  3  4 |
---------------+-------------+-----
Conjurations   | 5 6 |  6.5
Spellcasting   | 4 |  4.9
Dodging        | |  2.4
Stealth        | |  2.4

Action                   |  1- 3 |  4- 6 || total
-------------------------+-------+-------++-------
Melee: Unarmed           |     5 |       ||     5
 Cast: Magic Dart        |    60 |    55 ||   115
       Searing Ray       |     3 |     4 ||     7
Dodge: Dodged            |     6 |     8 ||    14

Table legend: (Time is in decaauts)
 A = Elapsed time spent in this place.
 B = Non-inter-level travel time spent in this place.
 C = Inter-level travel time spent in this place.
 D = Time resting spent in this place.
 E = Time spent auto-exploring this place.
 F = Levels seen in this place.
 G = Mean time per level.
                   A        B        C        D        E       F      G
               +--------+--------+--------+--------+--------+-----+--------+
         Total |   2618 |   2589 |     29 |    693 |   1418 |   3 |  872.7 |
       Dungeon |   2618 |   2589 |     29 |    693 |   1418 |   3 |  872.7 |
               +--------+--------+--------+--------+--------+-----+--------+

Top non-repeatable levels by time:
     D:2: 1143 daAuts
     D:1: 888 daAuts
     D:3: 586 daAuts
